 Dungeon Crawl Stone Soup version 0.31-a0-479-g91c9547826 (console) character file.

Game seed: 7547829188867150407

51 Lexodia the Scratcher (level 3, -9/15 HPs)
             Began as a Felid Shapeshifter on Aug 7, 2023.
             Was a Follower of Dithmenos.
             Killed from afar by Natasha (10 damage)
             ... with a magic dart
             ... on level 2 of the Dungeon.
             The game lasted 00:02:11 (784 turns).

Lexodia the Scratcher (Felid Shapeshifter)           Turns: 784, Time: 00:02:12

Health: -9/15      AC:  1    Str: 11    XL:     3   Next: 58%
Magic:  4/4        EV: 17    Int:  9    God:    Dithmenos [*.....]
Gold:   48         SH:  5    Dex: 18    Spells: 2/2 levels left
                                        Lives:  0   Deaths: 0

rFire   . .          .
                       - Unarmed
rCold   . . .        (shield unavailable)
rNeg    . . .        (body armour unavailable)
rPois   .            (helmet unavailable)
rElec   .            (cloak unavailable)
rCorr   .            (gloves unavailable)
SInv    +            (boots unavailable)
Will    .....        d - amulet of reflection
Stlth   +++          (no ring)
HPRegen 0.22/turn    (no ring)
MPRegen 0.09/turn

%: reflection
@: beast-form, wreathed by umbra, quick
A: beast (slay +2), very small, claws 1, fangs 3, see invisible, speed 1, shaggy
fur 1, stealthy paws, no weapons or thrown items, no armour, multi-lived
a: Begin Untransformation, Renounce Religion


You were on level 2 of the Dungeon.
You worshipped Dithmenos.
Dithmenos was aware of your devotion.
You were a hulking beast.
You visited 1 branch of the dungeon, and saw 2 of its levels.

You collected 48 gold pieces.

Inventory:

Jewellery
 d - an amulet of reflection (around neck)
Talismans
 b - a beast talisman (active)
Potions
 a - a potion of lignification
 c - a potion of curing
 e - a potion of heal wounds {unknown}


   Skills:
 - Level 1.0 Fighting
 - Level 2.6 Dodging
 + Level 3.3 Stealth
 + Level 3.9 Unarmed Combat
 - Level 3.2 Shapeshifting


You had 2 spell levels left.
You didn't know any spells.
Your spell library was empty.

Dungeon Overview and Level Annotations

Branches:
Dungeon (2/15)

Altars:
Dithmenos

Annotations:
D:2 Natasha


Innate Abilities, Weirdness & Mutations

You are a hulking beast.
Your limbs bulge with bestial killing power. (Slay +2)
You have sharp claws.
You have razor-sharp teeth.
You have supernaturally acute eyesight. (SInv)
You cover ground quickly. (Speed+)
You are covered in fur. (AC +1)
Your paws help you pounce on unaware monsters.
You are incapable of wielding weapons or throwing items.
You cannot wear armour.
You gain extra lives every three experience levels.


Message History

You block the jackal's attack.
You claw the jackal!
You kill the jackal!
Dithmenos accepts your kill.
No target in view!
HP restored.
e - a yellow potion You see here an adder corpse.
Found a glowing cloak.
You see here a +1 cloak of preservation.
Natasha, a rat and a ball python come into view.
Found a trident and 2 poisoned darts.
You closely miss the rat. You claw the rat.
You kill the rat!
Dithmenos accepts your kill. Natasha casts a spell at you.
The magic dart hits you.
Huge Dmg: -26%(-4hp) hp: 74%(11hp)
The ball python hisses angrily.
Natasha wildly gestures.
You feel troubled. Natasha casts a spell at you. The magic dart hits you!
Ouch! That really hurt!
* * * LOW HITPOINT WARNING * * *
Huge Dmg: -67%(-10hp) hp: 7%(1hp) It was a potion of curing.
You feel better. Natasha misses you.
You scratch Natasha. Your claw misses Natasha.
Natasha is lightly wounded.
Natasha claws you!
* * * LOW HITPOINT WARNING * * *
Huge Dmg: -47%(-7hp) hp: 7%(1hp)
You are too injured to fight recklessly!
You don't know any spells.
You claw Natasha!
Natasha is severely wounded.
Natasha casts a spell at you. The magic dart hits you!
Ouch! That really hurt!
You die...

.......###
##.......##.#######
...^..... ........
##....#†###....#
#.........[....# #
#.......##.....####.#
#...S...##.##.....#.#
##..h....##.##.......#
#....h...##.##<†..[.#
#.....)..##..†.....##
#.......(######...##
#........#......#.#
#########..########
.## .#


You could see Natasha and a ball python.

Vanquished Creatures
  An adder (D:2)
  2 dart slugs (D:1)
  5 bats (D:1)
  2 endoplasms (D:1)
  3 giant cockroaches
  A goblin (D:1)
  6 hobgoblins
  4 jackals (D:2)
  A kobold (D:1)
  A quokka (D:1)
  4 ball pythons (D:1)
  3 rats
33 creatures vanquished.

Notes
Turn   | Place    | Note
-------+----------+-------------------------------------------
     0 | D:1      | Lexodia the Felid Shapeshifter began the quest for the Orb.
     0 | D:1      | Reached XP level 1. HP: 9/9 MP: 2/2
    13 | D:1      | Huge Dmg: 2 dmg
    18 | D:1      | Reached skill level 1 in Stealth
    26 | D:1      | Huge Dmg: 5 dmg
    27 | D:1      | Reached XP level 2. HP: 5/12 MP: 3/3
   133 | D:1      | Huge Dmg: 3 dmg
   244 | D:1      | Found a faded altar of an unknown god.
   244 | D:1      | Noticed a hellwing
   257 | D:1      | Prayed at the altar of an unknown god.
   257 | D:1      | Became a worshipper of Dithmenos the Shadowed
   257 | D:1      | Reached * piety under Dithmenos
   578 | D:1      | Reached XP level 3. HP: 15/15 MP: 4/4
   776 | D:2      | Noticed Natasha
   781 | D:2      | Huge Dmg: 4 dmg
   782 | D:2      | Huge Dmg: 10 dmg
   784 | D:2      | Huge Dmg: 7 dmg
   784 | D:2      | Killed from afar by Natasha

Illustrated notes

Levels and vault maps discovered:
D:1:      minmay_arrival_stair_chambers, layout_loops_ring,
          dreamdust_ecumenical_altar_sealed_demon, minmay_surrounded
D:2:      layout_basic, uniq_natasha, uniq_robin

Skill      XL: |  1  2  3 |
---------------+----------+-----
Stealth        | 1 2 3 |  3.3
Fighting       | |  1.0
Dodging        | |  2.6
Unarmed Combat | |  3.9
Shapeshifting  | |  3.2

Action                     || total
---------------------------++-------
  Melee: Unarmed           ||    81
         Punch             ||     2
         Bite              ||     5
    Use: Potion            ||     1
   Stab: Sleeping          ||     8
 Armour: Skin              ||     4
  Dodge: Dodged            ||    58
  Block: Other             ||    13

Table legend: (Time is in decaauts)
 A = Elapsed time spent in this place.
 B = Non-inter-level travel time spent in this place.
 C = Inter-level travel time spent in this place.
 D = Time resting spent in this place.
 E = Time spent auto-exploring this place.
 F = Levels seen in this place.
 G = Mean time per level.
                   A        B        C        D        E       F      G
               +--------+--------+--------+--------+--------+-----+--------+
         Total |    656 |    639 |     17 |      0 |    471 |   2 |  328.0 |
       Dungeon |    656 |    639 |     17 |      0 |    471 |   2 |  328.0 |
               +--------+--------+--------+--------+--------+-----+--------+

Top non-repeatable levels by time:
     D:1: 613 daAuts
     D:2: 43 daAuts
